 Dungeon Crawl Stone Soup version 0.28.0-53-g5a82cb258f (webtiles) character file.

Game seed: 6522492265413013376

143 issech the Chopper (level 5, -4/47 HPs)
             Began as a Minotaur Monk on June 19, 2022.
             Killed from afar by Terence (8 damage)
             ... with a puff of flame
             ... on level 2 of the Dungeon.
             The game lasted 00:04:50 (2109 turns).

issech the Chopper (Minotaur Monk)                  Turns: 2109, Time: 00:04:50

Health: -4/47      AC:  3    Str: 16    XL:     5   Next: 4%
Magic:  4/4        EV: 13    Int:  7    God:
Gold:   65         SH:  0    Dex: 14    Spells: 4/4 levels left

rFire   . . .      SeeInvis .   a - +0 hand axe
rCold   . . .      Faith    .   (no shield)
rNeg    . . .      Spirit   .   k - +0 leather armour
rPois   .          Reflect  .   (helmet restricted)
rElec   .          Harm     .   (no cloak)
rCorr   .          Rampage  .   (no gloves)
Will    .....                   (no boots)
Stlth   ++........              (no amulet)
HPRegen 0.15/turn               (no ring)
MPRegen 0.09/turn               (no ring)

@: no status effects
A: horns 2, retaliatory headbutt
a: no special abilities


You were on level 2 of the Dungeon.
You visited 1 branch of the dungeon, and saw 2 of its levels.

You collected 65 gold pieces.

Inventory:

Hand Weapons
 a - a +0 hand axe (weapon)
Missiles
 e - 65 stones (quivered)
 j - 18 sling bullets
Armour
 b - a +0 robe
 k - a +0 leather armour (worn)
Magical Staves
 h - a staff of earth
Scrolls
 i - a scroll of identify {unknown}
Potions
 c - 2 potions of curing
 d - 2 potions of lignification {unknown}
 f - 2 potions of might
 g - a potion of heal wounds {unknown}


   Skills:
 + Level 4.6 Fighting
 + Level 5.0 Axes
 + Level 4.5 Dodging
 + Level 2.0 Stealth


You had 4 spell levels left.
You didn't know any spells.
Your spell library was empty.

Dungeon Overview and Level Annotations

Branches:
Dungeon (2/15)

Altars:

Annotations:
D:2 Terence


Innate Abilities, Weirdness & Mutations

You have a pair of horns on your head.
You reflexively headbutt those who attack you in melee.


Message History

Terence is heavily wounded.
Terence zaps a wand.
The puff of flame misses you.
You hit Terence but do no damage.
Terence is heavily wounded.
Terence zaps a wand.
The puff of flame misses you.
You hit Terence. You headbutt Terence, but do no damage.
Terence is heavily wounded.
A frilled lizard comes into view.
Terence hits you with a +0 trident.
You hit Terence but do no damage.
Terence is heavily wounded.
Terence hits you with a +0 trident!
You hit Terence but do no damage.
Terence is heavily wounded.
Terence closely misses you.
You hit Terence but do no damage.
Terence is heavily wounded.
Terence barely misses you.
You closely miss Terence.
Terence is heavily wounded.
You hit the frilled lizard.
You kill the frilled lizard!
Terence hits you with a +0 trident.
* * * LOW HITPOINT WARNING * * *
You closely miss Terence. Your headbutt misses Terence.
Terence is heavily wounded.
Terence barely misses you.
Unknown command.
You hit Terence. You headbutt Terence, but do no damage.
Terence is heavily wounded.
Terence hits you with a +0 trident!
* * * LOW HITPOINT WARNING * * *
You closely miss Terence.
Terence is heavily wounded.
Terence closely misses you.
You hit Terence but do no damage. You headbutt Terence, but do no damage.
Terence is heavily wounded.
A ball python comes into view.
Terence zaps a wand.
The puff of flame hits you!
You die...

#..... #.....
#..... #.....
#..... ♣ #####
# #..... ♣.♣S
#..[ .# #.....
♣♣....##.###.#
#.....
......@@.....#
#.....
.......###.#.#
##'### #######
#.# # #.# #.#
#.# ######.#
#.# #......#
#.# #.######
#.# #.# #.#
#.# #.#


You could see Terence and a ball python (wandering).

Vanquished Creatures
  Natasha (thrice) (D:2)
  3 adders (D:2)
  4 dart slugs
  An endoplasm (D:1)
  5 goblins
  3 hobgoblins
  4 quokkas
  4 ball pythons
  3 bats
  4 frilled lizards
  4 kobolds
  3 rats
41 creatures vanquished.

Vanquished Creatures (others)
  3 fungi (D:1)
  3 plants (D:1)
6 creatures vanquished.

Grand Total: 47 creatures vanquished

Notes
Turn   | Place    | Note
-------+----------+-------------------------------------------
     0 | D:1      | issech the Minotaur Monk began the quest for the Orb.
     0 | D:1      | Reached XP level 1. HP: 19/19 MP: 0/0
   284 | D:1      | Reached skill level 4 in Axes
   284 | D:1      | Reached XP level 2. HP: 24/27 MP: 1/1
   617 | D:1      | Found a faded altar of an unknown god.
  1002 | D:2      | Reached XP level 3. HP: 12/33 MP: 2/2
  1481 | D:2      | Noticed Natasha
  1491 | D:2      | Killed Natasha
  1492 | D:2      | Reached XP level 4. HP: 19/40 MP: 3/3
  1597 | D:2      | Noticed Natasha
  1774 | D:2      | Killed Natasha
  2083 | D:2      | Noticed Natasha
  2088 | D:2      | Noticed Terence
  2089 | D:2      | Killed Natasha
  2090 | D:2      | Reached skill level 5 in Axes
  2090 | D:2      | Reached XP level 5. HP: 47/47 MP: 4/4
  2109 | D:2      | Killed from afar by Terence

Illustrated notes

Levels and vault maps discovered:
D:1:      dpeg_arrival_line_fractal, layout_loops_cross,
          shapermc_ecumenical_altar_acropolis, minmay_misc_feat_more_columns
D:2:      layout_basic, chequers_garden, nicolae_concentric_dashed_squares_wild,
          hangedman_decor_lopped, serial_park_tiny_pond, uniq_terence,
          uniq_natasha

Skill      XL: |  1  2  3  4 |
---------------+-------------+-----
Axes           | 4 5 |  5.0
Fighting       | 4 |  4.6
Dodging        | 4 |  4.5
Stealth        | 2 |  2.0

Action                   |  1- 3 |  4- 6 || total
-------------------------+-------+-------++-------
Melee: Hand axe          |    68 |    39 ||   107
       Headbutt          |    15 |     7 ||    22
       Punch             |       |     1 ||     1
 Stab: Sleeping          |     2 |       ||     2
Armor: Robe              |     9 |     7 ||    16
Dodge: Dodged            |    46 |    31 ||    77
